 Dungeon Crawl Stone Soup version 0.23.1 (webtiles) character file.

Game seed: 0

310384 Hasart the Metallomancer (level 20, -1/104 HPs)
             Began as a Deep Elf Earth Elementalist on Mar 1, 2019.
             Was the Champion of Vehumet.
             Blown up by a lich (105 damage)
             ... with an orb of destruction
             ... on level 1 of the Depths.
             The game lasted 03:08:58 (52167 turns).

Hasart the Metallomancer (DEEE)                    Turns: 52167, Time: 03:08:58

Health: -1/104     AC: 11    Str: 13    XL:     20   Next: 39%
Magic:  46/49      EV: 21    Int: 41    God:    Vehumet [******]
Gold:   750        SH: 12    Dex: 20    Spells: 30/65 levels left

rFire    . . .     SeeInvis +   N - +9 morningstar of Dishonesty {flame, Str+5}
rCold    + . .     Gourm    .   S - +2 buckler "Benkuism" {+Inv rElec Int+4}
rNeg     . . .     Faith    .   P - +2 robe {Archmagi}
rPois    +         Spirit   .   U - +0 hat {MR+}
rElec    +         Reflect  +   L - scarf {repulsion}
rCorr    .         Harm     .   p - +2 pair of gloves {Str+3}
MR       +++..                  a - +3 pair of boots "Ahou" {*Drain rPois rC+ Int+7}
Stlth    ++........             H - +4 amulet of reflection
HPRegen  0.27/turn              V - +5 ring of dexterity
MPRegen  0.31/turn              w - ring of see invisible

@: studying Conjurations, repel missiles
A: no striking features
}: 2/15 runes: decaying, gossamer
a: Renounce Religion, Evoke Invisibility


You were on level 1 of the Depths.
You worshipped Vehumet.
Vehumet was exalted by your worship.
You were not hungry.

You visited 7 branches of the dungeon, and saw 35 of its levels.
You visited 1 bazaar.
You also visited: Gauntlet and Ice Cave.

You collected 3737 gold pieces.
You spent 2987 gold pieces at shops.

Inventory:

Hand Weapons
 N - the +9 morningstar of Dishonesty (weapon) {flame, Str+5}
   (You found it on level 13 of the Dungeon)

   It has been specially enchanted to burn those struck by it, causing extra
   injury to most foes and up to half again as much damage against particularly
   susceptible opponents.
   It affects your strength (+5).
Armour
 a - the +3 pair of boots "Ahou" (worn) {*Drain rPois rC+ Int+7}
   (You found it on level 14 of the Dungeon)

   It affects your intelligence (+7).
   It protects you from cold.
   It protects you from poison.
   It causes draining when unequipped.
 c - a scarf of resistance
 p - a +2 pair of gloves of strength (worn)
 L - a scarf of repulsion (worn)
 P - a +2 robe of the Archmagi (worn)
 S - the +2 buckler "Benkuism" (worn) {+Inv rElec Int+4}
   (You found it on level 8 of the Dungeon)

   It affects your intelligence (+4).
   It insulates you from electricity.
   It lets you turn invisible.
 U - a +0 hat of magic resistance (worn)
Magical Staves
 b - an uncursed staff of power
Jewellery
 q - an uncursed ring of resist corrosion
 v - an uncursed ring of protection from magic
 w - a ring of see invisible (right hand)
 z - the ring of the Failed Coup {rC+ MP+9 Str+5}
   (You took it off a deep elf high priest on level 3 of the Elven Halls)

   [ring of magical power]

   It affects your strength (+5).
   It protects you from cold.
   It affects your magic capacity (+9).
 C - an uncursed ring of positive energy
 H - a +4 amulet of reflection (around neck)
 V - a +5 ring of dexterity (left hand)
 Y - an uncursed ring of protection from cold
Wands
 B - a wand of disintegration (15)
 E - a wand of iceblast (38)
 G - a wand of acid (34)
 R - a wand of digging (22)
 Z - a wand of clouds (9)
Scrolls
 h - 7 scrolls of amnesia
 i - 27 scrolls of identify
 l - 3 scrolls of blinking
 o - 5 scrolls of enchant armour
 r - 10 scrolls of teleportation
 t - 23 scrolls of remove curse
 u - 7 scrolls of enchant weapon
 y - a scroll of fear
 I - 4 scrolls of summoning
 M - a scroll of fog
 X - 5 scrolls of magic mapping
Potions
 e - 9 potions of flight
 f - 5 potions of haste
 g - 11 potions of heal wounds
 j - 5 potions of cancellation
 k - 8 potions of curing
 n - 3 potions of resistance
 s - 10 potions of brilliance
 x - a potion of magic
 A - a potion of mutation
 F - 10 potions of ambrosia
 Q - 4 potions of invisibility
Books
 D - a manual of Conjurations
Miscellaneous
 m - 4 boxes of beasts
Comestibles
 d - 43 rations


   Skills:
 + Level 4.6 Fighting
   Level 3.0 Slings
 + Level 10.3 Dodging
 - Level 2.4 Stealth
 + Level 7.0 Shields
 + Level 23.3 Spellcasting
 + Level 14.3 Conjurations
   Level 5.0 Transmutations
 - Level 6.0 Fire Magic
 - Level 3.1 Air Magic
 * Level 23.9 Earth Magic
 - Level 3.0 Poison Magic
 + Level 7.7 Evocations


You had 30 spell levels left.
You knew the following spells:

 Your Spells              Type           Power        Failure   Level  Hunger
a - Stone Arrow           Conj/Erth      ######       0%          3    None
c - Lee's Rapid Deconstr  Erth           #########.   0%          5    None
d - Mephitic Cloud        Conj/Pois/Air  ########     1%          3    None
f - Bolt of Magma         Conj/Fire/Erth ########..   1%          5    None
g - Blink                 Tloc           N/A          1%          2    None
h - Swiftness             Chrm/Air       ######..     1%          2    None
s - Iron Shot             Conj/Erth      ########..   1%          6    None
z - Shatter               Erth           #########.   1%          9    ##.....

Your spell library contained the following spells:

 Spells                   Type           Power        Failure   Level  Hunger
 Chain Lightning          Conj/Air       ########..   21%         8    None
 Fire Storm               Conj/Fire      ########..   82%         9    ##.....
 Tornado                  Air            #######...   100%        9    ##.....
 Magic Dart               Conj           ####         0%          1    None
 Sandblast                Erth           ######       0%          1    None
 Sting                    Conj/Pois      ####         0%          1    None
 Passwall                 Tmut/Erth      ########     0%          2    None
 Searing Ray              Conj           ######       0%          2    None
 Conjure Flame            Conj/Fire      ########     0%          3    None
 Iskenderun's Mystic Bla  Conj           ########     0%          4    None
 Petrify                  Tmut/Erth      ########     0%          4    None
 Animate Skeleton         Necr           N/A          1%          1    None
 Apportation              Tloc           ######       1%          1    None
 Confusing Touch          Hex            ######       1%          1    None
 Summon Butterflies       Summ           ######..     1%          1    None
 Summon Small Mammal      Summ           ####         1%          1    None
 Call Imp                 Summ           ######..     1%          2    None
 Corpse Rot               Necr           N/A          1%          2    None
 Ensorcelled Hibernation  Hex/Ice        ######       1%          2    None
 Poisonous Vapours        Pois/Air       ######       1%          2    None
 Shroud of Golubria       Chrm/Tloc      ######....   1%          2    None
 Slow                     Hex            ######..     1%          2    None
 Sublimation of Blood     Necr           ######....   1%          2    None
 Call Canine Familiar     Summ           ######..     1%          3    None
 Confuse                  Hex            ######..     1%          3    None
 Dazzling Spray           Conj/Hex       ######       1%          3    None
 Gell's Gravitas          Tloc           ######....   1%          3    None
 Lesser Beckoning         Tloc           ######....   1%          3    None
 Summon Guardian Golem    Hex/Summ       ######..     1%          3    None
 Teleport Other           Tloc           ######..     1%          3    None
 Tukima's Dance           Hex            ######..     1%          3    None
 Force Lance              Conj/Tloc      ########     1%          4    None
 Fulminant Prism          Conj/Hex       ########..   1%          4    None
 Ice Form                 Ice/Tmut       #######.     1%          4    None
 Leda's Liquefaction      Hex/Erth       ########..   1%          4    None
 Olgreb's Toxic Radiance  Pois           #######.     1%          4    None
 Bolt of Draining         Conj/Necr      ########..   1%          5    None
 Borgnjor's Vile Clutch   Necr/Erth      ########..   1%          5    None
 Irradiate                Conj/Tmut      ########..   1%          5    None
 Iskenderun's Battlesphe  Conj/Chrm      ########     1%          5    None
 Venom Bolt               Conj/Pois      ########..   1%          5    None
 Yara's Violent Unravell  Hex/Tmut       #######...   1%          5    None
 Bolt of Cold             Conj/Ice       ########..   1%          6    None
 Freezing Cloud           Conj/Ice/Air   #######...   1%          6    None
 Statue Form              Tmut/Erth      ########.    1%          6    None
 Orb of Destruction       Conj           ########..   1%          7    None
 Summon Lightning Spire   Summ/Air       ######..     2%          4    None
 Alistair's Intoxication  Tmut/Pois      #######.     2%          5    None
 Passage of Golubria      Tloc           N/A          4%          4    None
 Summon Ice Beast         Ice/Summ       ######..     4%          4    None
 Spellforged Servitor     Conj/Summ      ########..   5%          7    None
 Silence                  Hex/Air        ######....   6%          5    None
 Hydra Form               Tmut           #######...   9%          6    None
 Agony                    Necr           ######..     12%         5    None
 Dispel Undead            Necr           ######..     12%         5    None
 Excruciating Wounds      Chrm/Necr      ######....   12%         5    None
 Metabolic Englaciation   Hex/Ice        ######....   12%         5    None
 Summon Forest            Summ/Tloc      ######....   12%         5    None
 Ozocubu's Refrigeration  Ice            ######....   17%         6    None
 Dragon Form              Tmut           #######...   41%         7    None
 Darkness                 Hex            ######....   54%         6    None
 Invisibility             Hex            ######..     54%         6    None
 Shadow Creatures         Summ           N/A          54%         6    None
 Simulacrum               Ice/Necr       ######....   54%         6    None
 Haunt                    Necr/Summ      ######....   98%         7    None
 Summon Hydra             Summ           ######....   98%         7    None
 Borgnjor's Revivificati  Necr           ######....   100%        8    None
 Death's Door             Chrm/Necr      ######....   100%        8    None
 Infestation              Necr           ######....   100%        8    None
 Necromutation            Tmut/Necr      #######...   100%        8    None


Dungeon Overview and Level Annotations

Branches:
Dungeon (15/15)            Temple (0/1) D:7            Lair (6/6) D:11
  Swamp (4/4) Lair:4       Spider (4/4) Lair:4        Slime (0/5) Lair:6
    Orc (2/2) D:10            Elf (3/3) Orc:2        Vaults (0/5) D:13
 Depths (1/5) D:15

Altars:
Ashenzari
Cheibriados
Dithmenos
Elyvilon
Gozag
Kikubaaqudgha
Nemelex Xobeh
Okawaru
Ru
Sif Muna
Vehumet
Wu Jian
Xom
Yredelemnul
The Shining One

Shops:
Orc:1 :   Orc:2 *([*:   Elf:3 [*([

Portals:
Pandemonium: Depths:1

Annotations:
D:5 2 transporters, Vojta's ghost, novice HaAE
D:9 4 runed translucent doors


Message History

Confirm with . or Enter, or press ? or * to list all spells.
Aiming: Iron Shot (safe; 1% risk of failure)
Press: ? - help, Shift-Dir - straight line, f - lich
Aim: a lich You feel a surge of power!
The iron shot hits the lich!!!
The lich is almost destroyed.
The lich launches a ball of destructive magic.
An orb of destruction comes into view.
Casting: Iron Shot (safe; 1% risk of failure)
Confirm with . or Enter, or press ? or * to list all spells.
Aiming: Iron Shot (safe; 1% risk of failure)
Press: ? - help, Shift-Dir - straight line, f/p - lich
Aim: a lich (almost destroyed)
You feel a surge of power!
The iron shot hits the lich!!!
You destroy the lich!
Vehumet accepts your kill.
You feel your power returning. The orb of destruction hits you!!!!
Ouch! That really hurt!
You die...

≈≈.............
................
...≈........#...
.......#........
.......(......... .
......#........##
......#.....○°....#
......#....@☼.#
##............#
#....##....%..#...
.................#
.......<..∩.!.....
...................
...................
.....(...##........
.........# .......


There were no monsters in sight!

Vanquished Creatures
  A lich (Depths:1)
  Rupert (Orc:2)
  Jorgrun (D:13)
  3 deep elf blademasters
  Asterion (Elf:2)
  2 deep elf master archers (Elf:3)
  Frances (Spider:1)
  A storm dragon (D:13)
  Kirke (Swamp:3)
  Roxanne (Swamp:4)
  A thorn hunter (Swamp:1)
  Donald (Swamp:4)
  A tengu reaver (D:14)
  Louise (Elf:2)
  3 orc warlords
  4 deep elf sorcerers (Elf:3)
  5 emperor scorpions
  Aizul (Swamp:2)
  4 ghost moths
  5 deep elf elementalists (Elf:3)
  A stone giant (D:14)
  2 very ugly things
  2 entropy weavers
  Azrael (D:15)
  6 deep elf annihilators
  A minotaur (Gauntlet)
  8 deep elf demonologists
  Snorg (D:13)
  2 spark wasps
  8 deep elf death magi
  An ettin (D:15)
  Josephine (Lair:5)
  Erolcha (D:9)
  A deep elf high priest (Elf:3)
  22 hydras
  5 shambling mangroves
  An ice dragon (Depths:1)
  2 ghost crabs
  3 vault guards (D:13)
  A death knight (D:13)
  A merfolk avatar (Lair:6)
  8 centaur warriors
  9 two-headed ogres
  33 dancing weapons
  16 alligators
  4 ogre magi
  4 tengu warriors
  3 death yaks
  5 orc high priests
  Urug (D:13)
  22 deep elf knights
  5 skeletal warriors
  A fire crab (shapeshifter) (Elf:1)
  2 sea snakes (Lair:6)
  A sea snake (shapeshifter) (Elf:1)
  An unseen horror (D:15)
  2 spriggan druids
  2 wizards (D:13)
  A lindwurm (Lair:6)
  7 orc knights
  11 deep elf archers
  13 swamp dragons
  Pikel (D:8)
  29 wolf spiders
  6 orc sorcerers
  17 orb spiders
  2 ugly things
  60 deep elf magi
  A cyclops (Orc:1)
  5 slime creatures
  A manticore (Lair:6)
  2 moths of wrath
  21 elephants
  An ice statue (IceCv)
  Maurice (D:8)
  Psyche (D:8)
  Joseph (D:7)
  4 gargoyles
  4 torpor snails
  6 black mambas
  4 centaur skeletons
  6 rime drakes
  13 komodo dragons
  21 spiny frogs
  12 demonic crawlers
  A komodo dragon (shapeshifter) (D:13)
  26 polar bears
  10 tyrant leeches
  8 trolls
  37 jumping spiders
  22 hornets
  6 hippogriffs
  A meliai zombie (D:14)
  14 blink frogs
  91 redbacks
  14 bog bodies
  4 shadows
  4 air elementals
  28 tarantellas
  Sigmund (D:5)
  7 spriggans
  A tarantella (shapeshifter) (Gauntlet)
  6 water elementals
  A vampire (D:14)
  5 wyverns
  3 hogs (Swamp:3)
  19 humans (D:13)
  7 wraiths
  A basilisk (Lair:6)
  Grum (D:9)
  33 yaks
  33 vampire mosquitoes
  A steam dragon (D:12)
  10 fire elementals
  Edmund (D:6)
  An acid dragon (D:12)
  21 insubstantial wisps
  5 wargs
  11 swamp worms
  A naga (shapeshifter) (Gauntlet)
  11 water moccasins
  5 hell hounds (D:15)
  11 porcupines
  Duvessa (D:7)
  9 swamp drakes
  9 black bears
  45 orc warriors
  A swamp drake (shapeshifter) (Gauntlet)
  A necrophage (D:10)
  3 ice beasts
  16 ogres
  2 phantoms
  28 wolves
  A centaur (shapeshifter) (Gauntlet)
  15 centaurs
  17 crocodiles
  Blork the orc (D:5)
  A big kobold (D:10)
  18 bullfrogs
  3 earth elementals (Elf:2)
  2 wyvern zombies
  Dowan (D:7)
  A scorpion (D:13)
  3 killer bees (D:9)
  9 wights
  5 electric eels
  8 crimson imps
  4 centaur zombies
  6 jellies
  A bullfrog zombie (D:13)
  6 hounds
  4 bullfrog skeletons
  29 orc priests
  29 orc wizards
  Jessica (D:3)
  2 iguanas
  A hell rat (D:11)
  10 worker ants
  A hound zombie (D:11)
  2 hound skeletons
  A howler monkey zombie (D:7)
  Robin (D:4)
  4 gnolls (D:9)
  14 adders
  A river rat (D:11)
  7 shadow imps
  6 oozes
  An adder skeleton (D:9)
  An adder zombie (D:5)
  5 worms
  4 dart slugs
  6 leopard geckos
  115 orcs
  3 ball pythons
  9 bats
  4 giant cockroaches
  10 hobgoblins
  9 jackals
  12 quokkas
  4 frilled lizards
  24 goblins
  A jackal zombie (D:5)
  7 kobolds
  3 leopard gecko skeletons
  A quokka zombie (D:4)
  15 rats
  5 fungi
  A plant (Lair:4)
1512 creatures vanquished.

Vanquished Creatures (collateral kills)
  A polar bear (IceCv)
1 creature vanquished.

Vanquished Creatures (others)
  3 deep elf magi (Elf:2)
  A cyclops (D:13)
  A spiny frog (Lair:6)
  A spriggan (Swamp:1)
  A slave (D:8)
  2 centaurs (D:13)
  An orc wizard (Orc:2)
  A worker ant (D:8)
  5 orcs
  6 fungi (Lair:6)
  14 plants
36 creatures vanquished.

Grand Total: 1549 creatures vanquished

Notes
Turn   | Place    | Note
-------+----------+-------------------------------------------
     0 | D:1      | Hasart the Deep Elf Earth Elementalist began the quest for
                  | the Orb.
     0 | D:1      | Reached XP level 1. HP: 10/10 MP: 6/6
   141 | D:1      | Reached XP level 2. HP: 15/15 MP: 6/8
   571 | D:1      | Reached XP level 3. HP: 19/19 MP: 8/10
  1208 | D:2      | Found a shimmering altar of Xom.
  1219 | D:2      | Found an ornate altar of the Wu Jian Council.
  1285 | D:2      | Reached XP level 4. HP: 24/24 MP: 9/11
  1344 | D:2      | Found an ancient bone altar of Kikubaaqudgha.
  1344 | D:2      | Found a glowing golden altar of the Shining One.
  1350 | D:2      | Learned a level 3 spell: Stone Arrow
  1913 | D:3      | Found a sacrificial altar of Ru.
  1914 | D:3      | Found a basalt altar of Yredelemnul.
  1914 | D:3      | Found a radiant altar of Vehumet.
  1924 | D:3      | Became a worshipper of Vehumet
  1928 | D:3      | Noticed Jessica
  1931 | D:3      | Killed Jessica
  1931 | D:3      | Reached skill level 1 in Conjurations
  2039 | D:3      | Found a faded altar of an unknown god.
  2057 | D:3      | Found an iron altar of Okawaru.
  2147 | D:3      | Reached XP level 5. HP: 28/28 MP: 9/13
  2176 | D:3      | Found a white marble altar of Elyvilon.
  2331 | D:3      | Found a shadowy altar of Dithmenos.
  2573 | D:3      | Learned a level 3 spell: Mephitic Cloud
  2940 | D:4      | Found a deep blue altar of Sif Muna.
  2963 | D:4      | Reached * piety under Vehumet
  2963 | D:4      | Offered knowledge of Flame Tongue by Vehumet.
  3026 | D:4      | Reached skill level 5 in Earth Magic
  3036 | D:4      | Reached XP level 6. HP: 32/32 MP: 7/15
  3050 | D:4      | Reached skill level 1 in Air Magic
  3054 | D:4      | Reached skill level 1 in Poison Magic
  3257 | D:4      | Reached skill level 5 in Spellcasting
  3478 | D:4      | Reached XP level 7. HP: 35/36 MP: 14/16
  3599 | D:4      | Noticed Robin
  3620 | D:4      | Killed Robin
  3715 | D:4      | Reached ** piety under Vehumet
  3715 | D:4      | Offered knowledge of Shock by Vehumet.
  3888 | D:5      | Entered Level 5 of the Dungeon
  3953 | D:5      | Found a transporter.
  3955 | D:5      | Found a transporter.
  3955 | D:5      | Noticed Vojta's ghost (novice HaAE)
  3956 | D:5      | Noticed a hornet
  4122 | D:5      | Noticed Blork the orc
  4130 | D:5      | Killed Blork the orc
  4469 | D:5      | Noticed Sigmund
  4473 | D:5      | Killed Sigmund
  4473 | D:5      | Reached skill level 5 in Dodging
  4479 | D:5      | Learned a level 4 spell: Iskenderun's Mystic Blast
  4741 | D:5      | Found a sparkling altar of Nemelex Xobeh.
  4823 | D:6      | Reached XP level 8. HP: 35/41 MP: 16/18
  4845 | D:6      | Reached skill level 5 in Conjurations
  4863 | D:5      | Learned a level 5 spell: Lee's Rapid Deconstruction
  5091 | D:6      | Got a bloodstained hunting sling
  5092 | D:6      | Identified the +3 hunting sling "Gram" {venom, rN+ Dex+6}
                  | (You found it on level 6 of the Dungeon)
  5163 | D:6      | Noticed Edmund
  5176 | D:6      | Killed Edmund
  5379 | D:6      | Offered knowledge of Throw Frost by Vehumet.
  5907 | D:7      | Reached *** piety under Vehumet
  6110 | D:7      | Noticed Dowan
  6111 | D:7      | Noticed Duvessa
  6116 | D:7      | Killed Dowan
  6125 | D:7      | Killed Duvessa
  6403 | D:7      | Got a smoking ring mail
  6404 | D:7      | Identified the +1 ring mail "Akumi" {rPois rC+ Dex+2} (You
                  | found it on level 7 of the Dungeon)
  6482 | D:7      | Found a staircase to the Ecumenical Temple.
  6489 | D:7      | Noticed Joseph
  6506 | D:7      | Killed Joseph
  6506 | D:7      | Reached XP level 9. HP: 45/45 MP: 12/22
  6986 | D:8      | Noticed Maurice
  7111 | D:8      | Killed Maurice
  7548 | D:8      | Offered knowledge of Inner Flame by Vehumet.
  7756 | D:8      | Noticed Psyche
  7760 | D:8      | Reached skill level 1 in Slings
  7761 | D:8      | Killed Psyche
  7761 | D:8      | Reached skill level 1 in Shields
  8003 | D:8      | Noticed Pikel
  8024 | D:8      | Killed Pikel
  8024 | D:8      | Reached XP level 10. HP: 50/50 MP: 14/25
  8129 | D:8      | Got a warped buckler
  8130 | D:8      | Identified the +2 buckler "Benkuism" {+Inv rElec Int+4}
                  | (You found it on level 8 of the Dungeon)
  8416 | D:9      | Noticed Erolcha
  8422 | D:9      | Killed Erolcha
  8466 | D:9      | Noticed Grum
  8469 | D:9      | Killed Grum
  8790 | D:9      | Reached skill level 10 in Spellcasting
  9114 | D:9      | Found a huge runed translucent gate.
  9114 | D:9      | Found a huge runed translucent gate.
  9114 | D:9      | Found a huge runed translucent gate.
  9114 | D:9      | Found a huge runed translucent gate.
  9114 | D:9      | Noticed a manticore
  9268 | D:10     | Entered Level 10 of the Dungeon
  9433 | D:10     | Reached **** piety under Vehumet
  9436 | D:10     | Offered knowledge of Ignite Poison by Vehumet.
  9618 | D:10     | Found a snail-covered altar of Cheibriados.
  9780 | D:10     | Noticed a gargoyle
  9786 | D:10     | Killed a gargoyle
  9816 | D:10     | Reached XP level 11. HP: 47/54 MP: 3/28
 10070 | D:10     | Found a staircase to the Orcish Mines.
 10401 | D:11     | Noticed a two-headed ogre
 10403 | D:11     | Killed a two-headed ogre
 10403 | D:11     | Reached ***** piety under Vehumet
 10474 | D:11     | Found a frozen archway.
 10488 | D:11     | Noticed a brown ugly thing
 10508 | D:11     | Killed a brown ugly thing
 10508 | D:11     | Offered knowledge of Lightning Bolt by Vehumet.
 10804 | IceCv    | Entered an ice cave
 10861 | IceCv    | Reached skill level 10 in Earth Magic
 11070 | IceCv    | Reached skill level 10 in Conjurations
 11745 | IceCv    | Reached skill level 5 in Shields
 12109 | IceCv    | Reached XP level 12. HP: 59/59 MP: 16/31
 12244 | IceCv    | Identified a scroll of acquirement
 12481 | IceCv    | Learned a level 4 spell: Petrify
 12865 | IceCv    | Identified the ring of Accord {rC+ rN+}
 12865 | IceCv    | Noticed a frost giant
 13253 | D:11     | Noticed a death yak
 13256 | D:11     | Noticed a death yak
 13257 | D:11     | Noticed a death yak
 13336 | D:11     | Killed a death yak
 13343 | D:11     | Killed a death yak
 13360 | D:10     | Killed a death yak
 13679 | D:11     | Offered knowledge of Bolt of Magma by Vehumet.
 13686 | D:11     | Found a sacrificial altar of Ru.
 13805 | D:11     | Learned a level 5 spell: Bolt of Magma
 13854 | D:11     | Found a staircase to the Lair.
 14238 | D:12     | Reached skill level 1 in Fire Magic
 14652 | D:12     | You are sucked into a shaft!
 14652 | D:13     | Found a gate leading to a gauntlet.
 14657 | D:13     | Noticed a centaur warrior
 14822 | D:13     | Noticed Snorg
 14828 | D:13     | Killed Snorg
 14839 | D:13     | Noticed a centaur warrior
 14841 | D:13     | Killed a centaur warrior
 14868 | D:13     | Killed a centaur warrior
 14874 | D:13     | Reached skill level 15 in Spellcasting
 14892 | D:13     | Got a scorched morningstar
 14897 | Gauntlet | Entered a Gauntlet
 14897 | Gauntlet | Found a transporter.
 14897 | Gauntlet | Found a transporter.
 14897 | Gauntlet | Found a transporter.
 14898 | Gauntlet | Identified the +9 morningstar of Dishonesty {flame, Str+5}
                  | (You found it on level 13 of the Dungeon)
 14905 | Gauntlet | Found a transporter.
 14932 | Gauntlet | Found a transporter.
 14933 | Gauntlet | Found a transporter.
 15065 | Gauntlet | Found a transporter.
 15074 | Gauntlet | Noticed a death ooze
 15076 | Gauntlet | Found a transporter.
 15090 | Gauntlet | Found a transporter.
 15101 | Gauntlet | Found a transporter.
 15115 | Gauntlet | Found a transporter.
 15151 | Gauntlet | Found a transporter.
 15376 | Gauntlet | Got a steaming pewter ring
 15378 | Gauntlet | Identified the ring "Wugginom" {MR++ EV+4 Slay-5} (You
                  | found it in a Gauntlet)
 15433 | Gauntlet | Got a faintly glowing tin ring
 15445 | Gauntlet | Learned a level 2 spell: Blink
 15448 | Gauntlet | Learned a level 2 spell: Swiftness
 15490 | Gauntlet | Identified the ring "Qoenidghi" {*Drain rF+ Int+2 Stlth-}
                  | (You found it in a Gauntlet)
 15508 | Gauntlet | Noticed a minotaur
 15515 | Gauntlet | Killed a minotaur
 15524 | Gauntlet | Identified Olagih's Incunabulum of the Snowflakes and
                  | Summoning
 15566 | D:13     | Reached XP level 13. HP: 61/63 MP: 15/34
 16639 | D:13     | Noticed a storm dragon
 16891 | Orc:1    | Entered Level 1 of the Orcish Mines
 17298 | Lair:1   | Entered Level 1 of the Lair of Beasts
 17364 | Lair:1   | Reached skill level 5 in Transmutations
 17487 | Lair:1   | Reached skill level 5 in Fire Magic
 18062 | Lair:2   | Offered knowledge of Bolt of Fire by Vehumet.
 18256 | Lair:2   | Found a deep blue altar of Sif Muna.
 19278 | Lair:3   | Reached skill level 1 in Evocations
 20331 | Lair:3   | Found a runed translucent door.
 20603 | Lair:4   | Found a hole to the Spider Nest.
 21169 | Lair:4   | Found a staircase to the Swamp.
 21286 | Lair:4   | Got a crystal lajatang
 21287 | Lair:4   | Identified the +9 lajatang of Intimidation {freeze, MR+
                  | Dex+4} (You found it on level 4 of the Lair of Beasts)
 21298 | Lair:4   | Reached XP level 14. HP: 68/68 MP: 13/36
 22398 | Lair:5   | Noticed Josephine
 22412 | Lair:5   | Killed Josephine
 22673 | Lair:5   | Got a pair of faintly glowing boots
 22684 | Lair:5   | Identified the +0 pair of boots of Lejixt {rPois Stlth+}
                  | (You found it on level 5 of the Lair of Beasts)
 23455 | Lair:6   | Entered Level 6 of the Lair of Beasts
 24243 | Lair:6   | Reached skill level 5 in Evocations
 24294 | Lair:6   | Found a staircase to the Slime Pits.
 24743 | Lair:6   | Offered knowledge of Orb of Destruction by Vehumet.
 26379 | Orc:2    | Entered Level 2 of the Orcish Mines
 26575 | Orc:2    | Noticed an orc warlord
 26992 | Orc:1    | Learned a level 7 spell: Orb of Destruction
 27001 | Orc:2    | Killed an orc warlord
 27714 | Orc:2    | Found a staircase to the Elven Halls.
 27716 | Orc:2    | Found Ovvorph's Assorted Antiques.
 27718 | Orc:2    | Noticed Rupert
 27869 | Orc:1    | Found Ceeh's Book Boutique.
 28059 | Orc:1    | Bought a book of Power for 585 gold pieces
 28066 | Orc:1    | Learned a level 6 spell: Iron Shot
 28113 | Orc:2    | Killed Rupert
 28113 | Orc:2    | Reached XP level 15. HP: 72/72 MP: 22/38
 28202 | Orc:2    | Offered knowledge of Conjure Ball Lightning by Vehumet.
 28231 | Orc:2    | Bought a paperback book for 345 gold pieces
 28231 | Orc:2    | Upgraded the game from 0.23.0-42-geed6394 to 0.23.1
 28640 | Orc:2    | Bought a viscous cyan potion for 20 gold pieces
 28896 | Orc:2    | Reached skill level 15 in Earth Magic
 29206 | Orc:2    | Noticed an orc warlord
 29255 | Orc:2    | Killed an orc warlord
 30069 | Orc:2    | Found Igin's Antique Armour Shop.
 30070 | Orc:2    | Found Etuth's Antique Weapon Boutique.
 30071 | Orc:2    | Found Qefarap's General Store.
 30071 | Orc:2    | Found Risubbeo's Book Shop.
 30364 | D:13     | Offered knowledge of Freezing Cloud by Vehumet.
 30944 | D:13     | Noticed Urug
 30948 | D:13     | Killed Urug
 31205 | D:13     | Killed a storm dragon
 31308 | D:13     | Found a gate to the Vaults.
 31477 | D:13     | Noticed Jorgrun
 31479 | D:13     | Killed Jorgrun
 32299 | Orc:2    | Bought a book of the Earth for 975 gold pieces
 32309 | Orc:2    | Learned a level 9 spell: Shatter
 32491 | D:14     | Noticed a tengu reaver
 32494 | D:14     | Killed a tengu reaver
 32603 | D:14     | Noticed an orc warlord
 32869 | D:14     | Found a shattered altar of Ashenzari.
 33100 | D:14     | Got an ichor-stained leather armour
 33101 | D:14     | Identified the cursed +0 leather armour "Kafomoff" {rElec
                  | Int+3} (You found it on level 14 of the Dungeon)
 33108 | D:14     | Got a pair of twisted boots
 33119 | D:14     | Identified the +3 pair of boots "Ahou" {*Drain rPois rC+
                  | Int+7} (You found it on level 14 of the Dungeon)
 33184 | D:14     | Killed an orc warlord
 33615 | D:14     | Reached XP level 16. HP: 76/76 MP: 32/40
 33824 | D:15     | Entered Level 15 of the Dungeon
 34595 | D:15     | Found a staircase to the Depths.
 34873 | D:15     | Offered knowledge of Bolt of Cold by Vehumet.
 34960 | D:15     | Noticed Azrael
 34969 | D:15     | Killed Azrael
 35563 | Swamp:1  | Entered Level 1 of the Swamp
 35798 | Swamp:1  | Noticed a thorn hunter
 35801 | Swamp:1  | Killed a thorn hunter
 36850 | Swamp:2  | Noticed Aizul
 36853 | Swamp:2  | Killed Aizul
 38565 | Swamp:3  | Reached XP level 17. HP: 80/80 MP: 22/43
 38566 | Swamp:3  | Noticed Kirke
 38700 | Swamp:3  | Killed Kirke
 39095 | Swamp:3  | Found an opulent altar of Gozag.
 39708 | Swamp:4  | Entered Level 4 of the Swamp
 39709 | Swamp:4  | Noticed Donald
 39713 | Swamp:4  | Killed Donald
 39896 | Swamp:4  | Noticed Roxanne
 39899 | Swamp:4  | Killed Roxanne
 40202 | Swamp:4  | Reached ****** piety under Vehumet
 40229 | Swamp:4  | Offered knowledge of Fire Storm by Vehumet.
 40229 | Swamp:4  | Offered knowledge of Chain Lightning by Vehumet.
 40229 | Swamp:4  | Offered knowledge of Tornado by Vehumet.
 40326 | Swamp:4  | Identified the +6 broad axe "Nuel" {chop, -Tele *Slow Str+9
                  | Int+5}
 40967 | Swamp:4  | Got a decaying rune of Zot
 41718 | Spider:1 | Entered Level 1 of the Spider Nest
 41734 | Spider:1 | Noticed Frances
 41736 | Spider:1 | Killed Frances
 42584 | Spider:2 | Reached XP level 18. HP: 81/85 MP: 25/45
 42867 | Spider:2 | You fall through a shaft!
 43941 | Spider:4 | Entered Level 4 of the Spider Nest
 45619 | Spider:4 | Got a gossamer rune of Zot
 45888 | Elf:1    | Entered Level 1 of the Elven Halls
 46532 | Elf:1    | Reached XP level 19. HP: 89/89 MP: 40/47
 46572 | Elf:1    | Reached skill level 1 in Fighting
 46894 | Elf:1    | Found a radiant altar of Vehumet.
 46897 | Elf:1    | Found an ancient bone altar of Kikubaaqudgha.
 47687 | Elf:2    | Noticed Asterion
 47746 | Elf:2    | Found a runed translucent gate.
 47746 | Elf:2    | Found a runed translucent gate.
 47746 | Elf:2    | Found a runed translucent gate.
 47762 | Elf:2    | Found a flickering gateway to a bazaar.
 47774 | Bazaar   | Entered a bazaar
 47954 | Bazaar   | Found Dorik's Gadget Shop.
 47972 | Bazaar   | Found Dumop's Magic Scroll Shop.
 47991 | Bazaar   | Found Xaickazu's Magic Scroll Boutique.
 48019 | Bazaar   | Found Fyeluigg's Distillery.
 48024 | Bazaar   | Bought a potion of magic for 120 gold pieces
 48058 | Bazaar   | Bought a scroll of teleportation for 33 gold pieces
 48085 | Bazaar   | Bought a scroll of identify for 14 gold pieces
 48085 | Bazaar   | Bought a scroll of identify for 14 gold pieces
 48085 | Bazaar   | Bought a scroll of remove curse for 21 gold pieces
 48085 | Bazaar   | Bought a scroll of identify for 14 gold pieces
 48085 | Bazaar   | Bought a scroll of remove curse for 21 gold pieces
 48085 | Bazaar   | Bought a scroll of remove curse for 21 gold pieces
 48085 | Bazaar   | Bought a scroll of amnesia for 24 gold pieces
 48085 | Bazaar   | Bought a scroll of amnesia for 24 gold pieces
 48098 | Bazaar   | Bought a potion of curing for 45 gold pieces
 48098 | Bazaar   | Bought a potion of haste for 150 gold pieces
 48098 | Bazaar   | Bought a potion of heal wounds for 75 gold pieces
 48124 | Bazaar   | Bought a scroll of identify for 22 gold pieces
 48124 | Bazaar   | Bought a scroll of identify for 22 gold pieces
 48124 | Bazaar   | Bought a scroll of identify for 22 gold pieces
 48737 | Elf:2    | Killed Asterion
 49151 | Elf:2    | Noticed Louise
 49153 | Elf:2    | Killed Louise
 49637 | Elf:3    | Entered Level 3 of the Elven Halls
 49774 | Elf:3    | Found Ijawyub's Armour Shop.
 49774 | Elf:3    | Found Itagej's Antique Armour Boutique.
 49775 | Elf:3    | Found Omihub's Weapon Shop.
 49777 | Elf:3    | Found Fewe's Assorted Antiques.
 49954 | Elf:3    | Bought a +0 hat of magic resistance for 187 gold pieces
 49971 | Elf:3    | Bought a fine robe for 233 gold pieces
 49971 | Elf:3    | Identified the +1 robe "Veic" {+Fly} (You bought it in a
                  | shop on level 3 of the Elven Halls)
 50549 | Elf:3    | Reached XP level 20. HP: 83/103 MP: 37/49
 50889 | Elf:3    | Identified the +3 great mace "Qown" {flame, Dex+4}
 50889 | Elf:3    | Identified the ring of the Failed Coup {rC+ MP+9 Str+5}
 50895 | Elf:3    | Reached skill level 10 in Dodging
 51001 | Elf:3    | Identified the +5 dagger "Avvuocu" {flame, Dex+4}
 52158 | Depths:1 | Entered Level 1 of the Depths
 52158 | Depths:1 | Found a one-way gate leading to the halls of Pandemonium.
 52167 | Depths:1 | Blown up by a lich

Skill      XL: |  1  2  3  4  5  6  7  8  9 10 11 12 13 14 15 16 17 18 19 20 |
---------------+-------------------------------------------------------------+-----
Earth Magic    | 4 5 7 8 9 10 11 12 14 17 19 21 22 23 | 23.9
Dodging        | 3 4 5 6 7 8 9 10 | 10.3
Spellcasting   | 4 5 7 9 11 13 15 16 17 18 20 21 22 23 | 23.3
Conjurations   | 1 2 3 4 6 8 9 10 11 12 13 14 | 14.3
Air Magic      | 1 2 3 |  3.1
Poison Magic   | 1 2 3 |  3.0
Slings         | 2 3 |  3.0
Shields        | 1 3 5 6 7 |  7.0
Fire Magic     | 3 6 |  6.0
Transmutations | 4 5 |  5.0
Evocations     | 3 5 6 7 |  7.7
Fighting       | 3 4 |  4.6
Stealth        | |  2.4

Action                   |  1- 3 |  4- 6 |  7- 9 | 10-12 | 13-15 | 16-18 | 19-21 || total
-------------------------+-------+-------+-------+-------+-------+-------+-------++-------
Melee: Unarmed           |       |     1 |       |       |       |       |       ||     1
       Quarterstaff      |       |       |     7 |       |       |       |       ||     7
       Dagger            |       |       |     2 |       |       |       |       ||     2
       Morningstar       |       |       |       |       |    84 |    30 |       ||   114
 Fire: Hunting sling     |       |       |    27 |    75 |       |       |       ||   102
 Cast: Sandblast         |    49 |    86 |   127 |       |    10 |       |       ||   272
       Stone Arrow       |       |     1 |    25 |   222 |   441 |   116 |    18 ||   823
       Mephitic Cloud    |       |       |     3 |       |       |     1 |     1 ||     5
       Lee's Rapid Decon |       |       |    21 |    96 |   210 |    32 |    38 ||   397
       Petrify           |       |       |       |     3 |       |       |       ||     3
       Swiftness         |       |       |       |     1 |       |       |       ||     1
       Blink             |       |       |       |       |     2 |       |       ||     2
       Orb of Destructio |       |       |       |       |    12 |       |       ||    12
       Iron Shot         |       |       |       |       |   102 |   354 |   125 ||   581
       Shatter           |       |       |       |       |       |    53 |    22 ||    75
Evoke: Wand              |       |       |       |     3 |       |       |     1 ||     4
  Use: Scroll            |       |       |     5 |    16 |    11 |     6 |     5 ||    43
       Potion            |       |       |       |     1 |     7 |     1 |     1 ||    10
 Stab: Distracted        |       |       |     1 |       |       |     1 |       ||     2
       Sleeping          |       |       |     1 |       |       |       |       ||     1
  Eat: Chunk             |     1 |     7 |    14 |    17 |    38 |    40 |     9 ||   126
       Ration            |       |       |     1 |     3 |     6 |     2 |     3 ||    15
Armor: Robe              |       |     3 |     1 |    18 |    41 |    36 |     5 ||   104
       Animal skin       |       |       |     7 |       |       |       |       ||     7
       Skin              |       |       |       |     1 |       |       |       ||     1
Dodge: Dodged            |     8 |    13 |    67 |    80 |   161 |    73 |    20 ||   422
       Deflected         |       |       |       |     7 |    20 |     6 |     7 ||    40
Block: Buckler           |       |       |       |   103 |   168 |    78 |    31 ||   380
       Reflection        |       |       |       |    30 |    16 |     3 |    14 ||    63
